 Dungeon Crawl Stone Soup version 0.29.1-4-g47bece8355 (webtiles) character file.

Game seed: 9527043482351489833

31 LustLizard the Insei (level 3, -4/23 HPs)
             Began as an Octopode Transmuter on Dec 6, 2022.
             Slain by Natasha (6 damage)
             ... on level 2 of the Dungeon.
             The game lasted 00:02:33 (1490 turns).

LustLizard the Insei (Octopode Transmuter)          Turns: 1490, Time: 00:02:33

Health: -4/23      AC:  1    Str:  9    XL:     3   Next: 22%
Magic:  5/6        EV: 13    Int: 17    God:
Gold:   35         SH:  0    Dex: 12    Spells: 3/6 levels left

rFire   . . .      SeeInvis .     - Unarmed
rCold   . . .      Faith    .   (no shield)
rNeg    . . .      Spirit   .   (helmet currently unavailable)
rPois   .          Reflect  .   (no amulet)
rElec   .          Harm     .   (no ring)
rCorr   .          Rampage  .   (no ring)
Will    .....                   (no ring)
Stlth   ++........              (no ring)
HPRegen 0.07/turn               (no ring)
MPRegen 0.10/turn               (no ring)
                                (no ring)
                                (no ring)

@: appendages
A: tentacle spike 3, almost no armour, amphibious, 8 rings, camouflage 1,
gelatinous body 1, (nimble swimmer 1), tentacles
a: End Transformation


You were on level 2 of the Dungeon.
One of your tentacles had grown a beastly spike.
You visited 1 branch of the dungeon, and saw 2 of its levels.

You collected 35 gold pieces.

Inventory:

Missiles
 c - 19 stones
Scrolls
 b - a scroll of vulnerability {unknown}
 f - a scroll of identify {unknown}
 g - a scroll of fear {unknown}
Potions
 a - a potion of lignification
 d - a potion of ambrosia {unknown}
 e - a potion of mutation {unknown}
 h - a potion of curing {unknown}
 i - a potion of invisibility {unknown}


   Skills:
 - Level 1.0 Fighting
 + Level 0.8 Throwing
 - Level 2.0 Dodging
 * Level 3.4 Unarmed Combat
 + Level 2.3 Spellcasting
 * Level 2.5 Transmutations


You had 3 spell levels left.
You knew the following spells:

 Your Spells              Type           Power      Damage    Failure   Level
a - Beastly Appendage     Tmut           20%        N/A       7%          1
b - Wereblood             Tmut           10%        N/A       10%         2

Your spell library contained the following spells:

 Spells                   Type           Power      Damage    Failure   Level
 Slow                     Hex            4%         N/A       19%         1
 Spider Form              Tmut/Pois      6%         N/A       32%         3
 Confusing Touch          Hex            1%         N/A       50%         3
 Vampiric Draining        Necr           1%         2d6       50%         3
 Ice Form                 Ice/Tmut       6%         N/A       73%         4


Dungeon Overview and Level Annotations

Branches:
Dungeon (2/15)

Altars:

Annotations:
D:2 Natasha


Innate Abilities, Weirdness & Mutations

One of your tentacles has grown a beastly spike.
You cannot wear most types of armour.
You are amphibious.
You can wear up to eight rings at the same time.
Your skin changes colour to match your surroundings (Stealth+).
Your rubbery body absorbs attacks. (AC +1, EV +1)
((You are camouflaged when in or above water. (Stealth+)))
You have tentacles for arms and can constrict up to eight enemies at once.


Message History

You tentacle-slap the worm.
You kill the worm!
Your tentacle spike disappears.
A quokka comes into view.
Found 9 gold pieces.
Found a stone staircase leading down.
A quokka is nearby!
Found 17 gold pieces.
Found an escape hatch in the ceiling.
Natasha, Servant of Life and Death comes into view.
Natasha hisses angrily.
You tentacle-slap the quokka. You grab the quokka.
The quokka is moderately wounded.
You constrict the quokka, but do no damage.
The quokka bites you.
One of your tentacles grows a vicious spike.
You constrict the quokka. The quokka barely misses you.
You tentacle-slap the quokka.
You kill the quokka!
Casting: Beastly Appendage (safe; 7% risk of failure)
Confirm with . or Enter, or press ? or * to list all spells.
Okay, then.
Natasha closely misses you.
You tentacle-slap Natasha. Your grab misses Natasha. You squeeze Natasha.
Natasha is moderately wounded.
Natasha claws you!
You barely miss Natasha. You grab Natasha.
You pierce Natasha, but do no damage.
Natasha is moderately wounded.
You constrict Natasha. Natasha claws you!
* * * LOW HITPOINT WARNING * * *
You tentacle-slap Natasha.
Natasha is heavily wounded.
You constrict Natasha. Natasha closely misses you.
You tentacle-slap Natasha.
Natasha is severely wounded.
You constrict Natasha. Natasha barely misses you.
You barely miss Natasha.
Your tentacle spike misses Natasha.
Natasha is almost dead.
You constrict Natasha, but do no damage.
Natasha claws you.
You die...

##...........#..##...#
.....................###
...........##..........
#.........##....).....
###.....†...##.......)..
#$..........##..........
+............+..........
#....##.....##..........
.>....†@....##.#####+#..
.......h....... #..
............... #..
...............# #..
...............# ##.
...<$.......... ##
...............
###.......#....


You could see Natasha.

Vanquished Creatures
  A worm (D:2)
  2 ball pythons (D:1)
  4 endoplasms (D:1)
  A giant cockroach (D:1)
  A goblin (D:2)
  3 hobgoblins (D:1)
  5 kobolds
  3 quokkas
  A bat (D:1)
  2 frilled lizards (D:1)
  2 rats (D:1)
25 creatures vanquished.

Notes
Turn   | Place    | Note
-------+----------+-------------------------------------------
     0 | D:1      | LustLizard the Octopode Transmuter began the quest for the
                  | Orb.
     0 | D:1      | Reached XP level 1. HP: 13/13 MP: 3/3
   385 | D:1      | Reached XP level 2. HP: 15/18 MP: 3/5
   596 | D:1      | Learned a level 2 spell: Wereblood
  1120 | D:1      | Reached XP level 3. HP: 14/23 MP: 4/6
  1481 | D:2      | Noticed Natasha
  1490 | D:2      | Slain by Natasha

Illustrated notes

Levels and vault maps discovered:
D:1:      amcnicky_arrival_single_pillar, layout_basic
D:2:      layout_basic, shapermc_ecumenical_altar_ellora, minmay_hedge_maze,
          hangedman_abyss_or_decor_lesser_grid, kennysheep_generic_room_12,
          uniq_natasha, uniq_sigmund

Action                   || total
-------------------------++-------
Melee: Unarmed           ||    65
       Kick              ||    15
       Constrict         ||    10
       Tentacles         ||     7
       Punch             ||     1
 Cast: Beastly Appendage ||    18
 Stab: Sleeping          ||     6
Armor: Skin              ||     4
Dodge: Dodged            ||    29
